Map: Dusk Towers

Players

GreatTeacher

  • Race: Terran Terran
  • League: Master

desRow - Winner!

  • Race: Protoss Protoss
  • League: Master

Event: NationWars III

VOD

Have the link to the VOD?

Description

Time

  • Played on: Nov. 20, 2015, 11:57 a.m.
  • Length: 17:25
Show
View Real Time Build Order
Export as new Build Order

GreatTeacher Terran 

Build Orders: Reaper Expand, MMM Bio 

Get SALT Encoding   

  12  0:01  SCV  
  13  0:13  SCV  
  14  0:19  Supply Depot  
  14  0:25  SCV  
  15  0:40  SCV, Barracks  
  16  0:46  Refinery  
  16  0:52  SCV  
  17  1:04  SCV  
  18  1:16  SCV  
  19  1:29  Orbital Command  
  19  1:30  Reaper  
  20  1:44  Command Center  
  20  1:55  Supply Depot  
  20  1:59  SCV  
  21  2:02  Reaper  
  22  2:11  SCV  
  23  2:23  SCV  
  22  2:31  Barracks  
  22  2:33  Barracks  
  22  2:34  Reaper  
  22  2:35  SCV  
  24  2:45  Barracks  
  24  2:47  SCV  
  25  2:57  Orbital Command  
  25  2:59  SCV  
  26  3:11  SCV  
  27  3:13  Bunker  
  27  3:20  Refinery  
  27  3:23  Barracks Reactor, Barracks Tech Lab, SCV  
  27  3:25  SCV  
  28  3:33  Marine  
  29  3:35  SCV  
  29  3:37  SCV  
  31  3:42  Stimpack, Marine  
  31  3:48  SCV  
  33  3:49  SCV  
  33  3:51  Marine  
  35  4:00  SCV, Marine  
  35  4:01  SCV  
  35  4:02  Factory  
  38  4:07  Marine x2  
  39  4:11  Marine  
  39  4:12  SCV  
  39  4:13  SCV  
  39  4:14  Supply Depot  
  39  4:16  Refinery  
  42  4:18  Engineering Bay  
  42  4:19  Marine  
  44  4:24  SCV  
  44  4:25  SCV  
  44  4:26  Marine  
  44  4:28  Supply Depot  
  46  4:31  Barracks Tech Lab  
  46  4:36  SCV, Marine x2  
  46  4:37  Marine  
  46  4:38  Supply Depot  
  50  4:42  SCV  
  50  4:44  Marine  
  52  4:48  SCV  
  53  4:53  Marine, Factory Reactor, Starport  
  53  4:57  Supply Depot, Marine  
  55  5:01  SCV, Marine  
  55  5:05  Marine  
  58  5:07  Terran Infantry Weapons Level 1  
  58  5:10  Supply Depot  
  58  5:11  Marine  
  58  5:13  SCV  
  60  5:18  SCV  
  60  5:20  Supply Depot  
  63  5:21  Marauder  
  63  5:25  Marine x2  
  63  5:26  SCV  
  66  5:35  Marine, Marauder  
  68  5:36  SCV  
  68  5:42  Medivac x2  
  76  5:43  Marauder  
  76  5:45  Supply Depot, SCV  
  77  5:50  Supply Depot  
  77  5:53  SCV  
  77  5:54  Refinery  
  77  5:55  Barracks Tech Lab  
  78  5:57  SCV  
  78  6:02  Marine x2  
  78  6:03  Marauder  
  82  6:05  SCV  
  82  6:09  SCV  
  84  6:13  Marauder, Marine  
  84  6:17  SCV  
  88  6:20  Marine  
  88  6:23  Supply Depot x2  
  88  6:24  Factory Reactor  
  89  6:29  Concussive Shells  
  89  6:30  Combat Shields  
  89  6:31  Medivac x2  
  93  6:36  Supply Depot  
  93  6:37  SCV x2  
  95  6:47  Command Center  
  94  6:48  Marine  
  94  6:52  Marine x2  
  97  6:57  Marine x2  
  99  7:01  SCV x2  
  99  7:02  Supply Depot  
  99  7:04  Terran Infantry Armor Level 1  
  100  7:14  Liberator  
  100  7:15  Marauder, Marine x2  
  104  7:17  Medivac  
  104  7:20  Marine  
  104  7:21  Marauder  
  108  7:23  Widow Mine  
  108  7:28  Widow Mine  
  112  7:30  Supply Depot  
  112  7:32  Marine  
  112  7:43  Marauder, Marine  
  112  7:44  Marauder x2  
  119  7:47  Medivac  
  121  7:52  Widow Mine  
  121  7:56  Widow Mine  
  115  8:02  Marine x2  
  115  8:05  Marauder x3  
  119  8:09  Orbital Command  
  119  8:11  SCV x2  
  96  8:21  Marine  
  96  8:22  Widow Mine  
  96  8:23  SCV x2  
  96  8:26  Marauder x2  
  100  8:31  Marine  
  100  8:32  Marauder  
  103  8:35  SCV  
  103  8:38  Marine, Widow Mine  
  107  8:41  Barracks  
  107  8:42  SCV  
  107  8:46  Liberator x2  
  107  8:48  Marauder x2  
  112  8:49  Marine  
  112  8:53  Marauder  
  106  8:56  Marine  
  102  9:04  SCV  
  102  9:05  SCV, Refinery  
  102  9:07  Marine  
  102  9:09  Marauder x2  
  115  9:14  Marine x2  
  105  9:25  Marine  
  105  9:30  Marauder x2  
  93  9:32  Widow Mine, Marine x3  
  85  9:42  Marine  
  85  9:44  Widow Mine  
  86  9:50  Marauder, Marine x2  
  86  9:52  Marauder x2  
  76  10:00  Marine  
  76  10:01  Widow Mine  
  76  10:04  Medivac  
  75  10:07  Marine, Medivac  
  75  10:08  Marine  
  75  10:12  Widow Mine, Marauder  
  75  10:13  Marauder x2  
  84  10:18  Marine  
  83  10:21  Command Center  
  83  10:25  Marine x2  
  83  10:29  Widow Mine  
  83  10:33  Marauder  
  83  10:34  Marauder, Marine, Medivac  
  80  10:36  Liberator, Marine  
  80  10:41  Widow Mine  
  83  10:43  Marine x2  
  85  10:52  Marauder  
  85  10:54  Marauder, Marine  
  85  10:56  Marauder  
  95  10:58  Widow Mine  
  95  10:59  Supply Depot  
  95  11:01  Marine x2  
  90  11:12  Marine  
  90  11:14  Marauder  
  90  11:16  Marauder  
  90  11:17  Marauder  
  97  11:19  Marine x2  
  97  11:25  Widow Mine  
  95  11:29  Marine  
  96  11:35  Marauder  
  96  11:37  Marine x3  
  96  11:39  Marauder  
  103  11:47  Marine  
  103  11:53  Widow Mine  
  103  11:54  Marine x2, Medivac, Widow Mine  
  106  11:55  Marauder  
  106  11:57  Marauder  
  106  12:00  Marauder  
  108  12:05  Marine  
  108  12:06  Medivac  
  104  12:16  Marauder, Marine  
  104  12:18  Marine, Marauder  
  108  12:23  Marine  
  109  12:34  Orbital Command  
  109  12:36  Marine  
  110  12:38  Marauder  
  112  12:54  Refinery  
  112  13:03  Marine x2  
  112  13:04  Marauder  
  112  13:08  Marine  
  112  13:09  Marauder  
  112  13:12  Marine  
  114  13:23  Medivac x2, Marine  
  114  13:25  Marauder  
  121  13:28  Orbital Command  
  121  13:29  Marine  
  121  13:30  Marauder  
  121  13:33  Marine  
  125  13:34  SCV  
  125  13:35  SCV  
  125  13:38  Marine  
  125  13:40  Refinery  
  128  13:41  Widow Mine  
  130  13:49  Marine x3  
  130  13:52  Marauder  
  130  13:53  Armory  
  130  13:55  Engineering Bay  
  128  14:16  Marine  
  126  14:17  Marauder  
  126  14:21  Marine x2  
  126  14:22  Marauder x2, Widow Mine x2  
  124  14:25  Medivac  
  125  14:34  Marine  
  124  14:38  Marauder  
  124  14:43  Marine x2  
  124  14:44  Marauder x2  
  130  14:47  Orbital Command  
  130  14:51  Widow Mine  
  132  14:54  Marine  
  132  14:58  Medivac  
  137  15:00  Marauder  
  137  15:01  SCV  
  137  15:06  Marine x2  
  140  15:08  Widow Mine  
  142  15:18  Marine x2  
  142  15:19  Marauder  
  136  15:39  Marine  
  123  15:45  Marauder, Marine  
  118  15:53  Marine  
  118  15:54  Widow Mine, Marauder  
  118  15:55  Medivac x2, Widow Mine  
  94  16:01  Marine  
  94  16:02  Marauder  
  94  16:03  Marine  
  80  16:07  Marauder  
  78  16:11  Marine  
  78  16:14  SCV x2  
  78  16:15  Marauder  
  83  16:19  Marine  
  83  16:21  Marine  
  83  16:23  Marauder  
  85  16:25  Medivac x2  
  85  16:27  Marine  
  85  16:29  Marine  
  91  16:36  Marine  
  90  16:40  Marine  
  90  16:45  Marauder  
  59  17:03  Marine x2  
  59  17:04  Marauder x2  
Show
View Real Time Build Order
Export as new Build Order

desRow Protoss - Winner!

Build Orders: Blink Stalkers 

Get SALT Encoding   

  12  0:01  Probe (Chrono Boost)  
  13  0:11  Probe (Chrono Boost)  
  14  0:18  Pylon  
  14  0:22  Probe (Chrono Boost)  
  15  0:36  Probe (Chrono Boost)  
  15  0:37  Gateway  
  16  0:47  Probe (Chrono Boost)  
  17  0:53  Assimilator  
  17  0:54  Assimilator  
  17  0:58  Probe (Chrono Boost)  
  18  1:08  Probe (Chrono Boost)  
  18  1:09  Pylon  
  19  1:19  Probe (Chrono Boost)  
  20  1:28  Cybernetics Core  
  20  1:29  Probe (Chrono Boost)  
  22  1:40  Probe (Chrono Boost)  
  22  1:50  Probe (Chrono Boost)  
  25  2:05  Mothership Core (Chrono Boost)  
  27  2:08  Warp Gate  
  27  2:12  Nexus  
  24  2:25  Probe (Chrono Boost)  
  24  2:29  Stalker (Chrono Boost)  
  27  2:37  Probe (Chrono Boost)  
  28  2:49  Probe (Chrono Boost), Robotics Facility  
  28  3:01  Probe (Chrono Boost)  
  29  3:07  Twilight Council  
  29  3:11  Probe (Chrono Boost)  
  30  3:22  Probe (Chrono Boost)  
  30  3:24  Probe (Chrono Boost)  
  30  3:25  Stalker  
  34  3:32  Probe (Chrono Boost)  
  34  3:34  Probe (Chrono Boost)  
  35  3:35  Observer (Chrono Boost)  
  37  3:44  Probe, Pylon  
  37  3:45  Blink (Chrono Boost)  
  37  3:48  Probe  
  39  3:53  Immortal  
  39  4:01  Probe  
  44  4:07  Assimilator  
  44  4:09  Probe  
  45  4:14  Probe (Chrono Boost)  
  46  4:19  Gateway  
  46  4:20  Gateway  
  46  4:23  Probe (Chrono Boost)  
  47  4:26  Probe (Chrono Boost)  
  48  4:33  Stalker  
  48  4:34  Probe (Chrono Boost)  
  48  4:36  Probe (Chrono Boost)  
  52  4:40  Pylon  
  52  4:43  Probe (Chrono Boost)  
  53  4:47  Probe, Assimilator  
  54  4:54  Pylon  
  54  4:56  Probe  
  54  4:58  Observer  
  56  5:03  Robotics Bay  
  56  5:04  Pylon  
  56  5:05  Probe  
  57  5:07  Probe  
  58  5:16  Stalker  
  58  5:19  Observer (Chrono Boost)  
  61  5:26  Stalker x2, Probe  
  61  5:28  Probe  
  67  5:40  Nexus  
  67  5:43  Pylon  
  67  5:50  Disruptor (Chrono Boost)  
  67  5:52  Stalker  
  67  5:55  Stalker  
  74  5:59  Stalker  
  74  6:01  Probe x2  
  78  6:16  Probe  
  78  6:17  Probe  
  79  6:23  Disruptor (Chrono Boost)  
  79  6:25  Forge  
  83  6:27  Forge  
  83  6:29  Gateway  
  83  6:31  Gateway  
  83  6:34  Probe, Pylon  
  83  6:35  Probe  
  85  6:44  Gravitic Drive  
  85  6:52  Stalker x2  
  85  6:53  Stalker  
  91  7:01  Disruptor (Chrono Boost)  
  94  7:06  Pylon  
  94  7:19  Stalker x3  
  100  7:23  Pylon  
  100  7:25  Pylon  
  100  7:28  Protoss Ground Weapons Level 1 (Chrono Boost), Protoss Ground Armor Level 1 (Chrono Boost)  
  100  7:32  Disruptor (Chrono Boost)  
  103  7:43  Stalker x5  
  113  7:47  Probe x2  
  113  7:48  Probe  
  116  8:06  Warp Prism (Chrono Boost)  
  116  8:07  Stalker x3  
  124  8:16  Pylon  
  124  8:27  Pylon, Assimilator  
  124  8:29  Probe  
  124  8:31  Assimilator  
  124  8:32  Probe  
  124  8:34  Probe  
  127  8:35  Stalker  
  127  8:36  Stalker x2  
  127  8:39  Pylon  
  125  9:02  Stalker x5  
  131  9:07  Nexus  
  109  9:35  Protoss Ground Armor Level 2 (Chrono Boost), Protoss Ground Weapons Level 2 (Chrono Boost)  
  109  9:37  Adept x5  
  116  9:43  Probe  
  116  9:44  Probe x2  
  102  10:03  Stalker  
  102  10:04  Stalker x4  
  102  10:06  Probe x2  
  109  10:17  Probe  
  109  10:18  Probe x2  
  109  10:19  Probe  
  113  10:25  Gateway  
  113  10:26  Gateway  
  113  10:28  Gateway  
  113  10:31  Pylon  
  105  10:36  Stalker  
  105  10:37  Stalker x4  
  113  10:50  Robotics Facility  
  113  10:55  Disruptor (Chrono Boost)  
  115  11:11  Stalker x3  
  115  11:12  Stalker x2  
  114  11:40  Stalker x2  
  114  11:41  Stalker x3  
  119  11:59  Probe  
  119  12:00  Probe  
  119  12:01  Probe x2  
  119  12:04  Stalker x2, Protoss Ground Weapons Level 3  
  119  12:05  Stalker, Adept x2, Protoss Ground Armor Level 3  
  127  12:10  Probe  
  127  12:13  Probe x3  
  134  12:17  Colossus (Chrono Boost)  
  134  12:21  Probe  
  143  12:24  Colossus (Chrono Boost)  
  143  12:31  Probe x2  
  143  12:36  Probe  
  143  12:37  Probe, Pylon, Photon Cannon  
  145  12:39  Photon Cannon  
  145  12:43  Probe x2  
  149  12:46  Templar Archives  
  149  12:51  Observer Gravitic Boosters  
  147  13:09  Colossus (Chrono Boost)  
  159  13:18  Colossus (Chrono Boost), Charge  
  159  13:24  High Templar x2  
  159  13:26  Pylon x2  
  163  13:29  Photon Cannon  
  163  13:30  Assimilator  
  163  13:31  Archon, Assimilator  
  163  13:55  Extended Thermal Lance (Chrono Boost)  
  163  13:59  Nexus  
  157  14:11  Adept x2  
  157  14:12  Adept  
  153  14:26  Adept x4  
  153  14:27  Protoss Shields Level 1  
  153  14:28  Probe x3  
  153  14:29  Pylon  
  163  14:32  Pylon  
  163  14:35  Probe  
  163  14:37  Adept x3  
  166  14:40  Probe x2  
  166  14:47  Probe  
  167  14:53  Assimilator  
  167  14:55  Colossus (Chrono Boost)  
  167  14:56  Colossus (Chrono Boost)  
  167  14:57  High Templar  
  167  14:58  High Templar x3  
  167  14:59  Assimilator  
  187  15:01  Pylon  
  187  15:04  Pylon  
  187  15:05  Pylon  
  187  15:16  Stalker  
  187  15:17  Stalker x3  
  191  15:43  Archon  
  158  15:57  Stalker x4  
  158  16:02  Adept x4  
  174  16:08  Probe  
  174  16:09  Probe x4  
  179  16:24  Pylon  
  179  16:25  Stalker x6  
  187  16:32  Gateway  
  191  16:35  Pylon  
  191  16:38  Gateway  
  190  16:40  Gateway  
  190  16:43  Gateway x2, Adept  
  190  16:44  Adept  
  163  17:06  Adept x2  
  163  17:07  Adept x2  
  171  17:09  Stalker  
  171  17:10  Stalker x3  
Tags
 
Add a new tag
Caveats
  • Supply blocks, unpowered buildings, or Contaminate may cause inaccurate times.
  • Supply counts are checked every 10 seconds.